 Dungeon Crawl Stone Soup version 0.31.0-32-g396128a36d (webtiles) character file.

Game seed: 8336181277966131869

128 leafyfresh the Covert (level 5, -11/47 HPs)
             Began as a Gnoll Delver on Mar 29, 2024.
             Mangled by an ice beast (12 damage)
             ... on level 5 of the Dungeon.
             The game lasted 00:01:03 (996 turns).

leafyfresh the Covert (Gnoll Delver)                 Turns: 996, Time: 00:01:03

Health: -11/47     AC:  3    Str: 11    XL:     5   Next: 11%
Magic:  7/7        EV: 13    Int:  9    God:
Gold:   49         SH:  0    Dex: 16    Spells: 6/6 levels left

rFire   . . .        a - +0 short sword
rCold   . . .        (no shield)
rNeg    . . .        b - +0 leather armour
rPois   .            (no helmet)
rElec   .            (no cloak)
rCorr   .            (no gloves)
SInv    .            (no boots)
Will    .....        (no amulet)
Stlth   ++++         (no ring)
HPRegen 0.27/turn    (no ring)
MPRegen 0.10/turn

%: no passive effects
@: no status effects
A: fangs 1, strong nose, distributed training
a: no special abilities


You were on level 5 of the Dungeon.
You visited 1 branch of the dungeon, and saw 1 of its levels.

You collected 49 gold pieces.

Inventory:

Hand Weapons
 a - a +0 short sword (weapon)
Armour
 b - a +0 leather armour (worn)
Magical Staves
 e - a staff of death
Wands
 g - a wand of digging (3)
Scrolls
 c - 2 scrolls of fog
 d - a scroll of revelation
Potions
 f - a potion of haste
 h - 2 potions of heal wounds {unknown}


   Skills:
 + Level 6.7 Fighting
 + Level 4.7 Short Blades
 + Level 1.4 Long Blades
 + Level 1.4 Axes
 + Level 1.4 Maces & Flails
 + Level 1.4 Polearms
 + Level 1.4 Staves
 + Level 1.4 Ranged Weapons
 + Level 1.4 Throwing
 + Level 1.4 Armour
 + Level 4.7 Dodging
 + Level 9.7 Stealth
 + Level 1.4 Shields
 + Level 1.4 Unarmed Combat
 + Level 1.4 Spellcasting
 + Level 1.1 Conjurations
 + Level 1.1 Hexes
 + Level 1.1 Summonings
 + Level 1.1 Necromancy
 + Level 1.1 Translocations
 + Level 1.1 Fire Magic
 + Level 1.1 Ice Magic
 + Level 1.1 Air Magic
 + Level 1.1 Earth Magic
 + Level 1.1 Alchemy
 + Level 1.6 Invocations
 + Level 1.4 Evocations
 + Level 1.3 Shapeshifting


You had 6 spell levels left.
You didn't know any spells.
Your spell library was empty.

Dungeon Overview and Level Annotations

Branches:
Dungeon (5/15)
 Temple: D:4-7

Altars:
Ru


Innate Abilities, Weirdness & Mutations

You have very sharp teeth.
Your uncanny sense of smell can sniff out nearby items.
Your experience applies equally to all skills.


Message History

You hit the ice beast. Your bite misses the ice beast.
The ice beast is heavily wounded.
The ice beast closely misses you.
You hit the ice beast but do no damage.
The ice beast is heavily wounded.
The ice beast hits you. The ice beast freezes you!
You are too injured to fight recklessly!
You are too injured to fight recklessly!
You are too injured to fight recklessly!
You are too injured to fight recklessly!
You are too injured to fight recklessly!
You are too injured to fight recklessly!
You are too injured to fight recklessly!
You are too injured to fight recklessly!
You are too injured to fight recklessly!
You are too injured to fight recklessly!
You are too injured to fight recklessly!
You are too injured to fight recklessly!
You are too injured to fight recklessly!
You are too injured to fight recklessly!
You are too injured to fight recklessly!
You are too injured to fight recklessly!
You hit the ice beast.
The ice beast is heavily wounded.
You hit the ice beast but do no damage.
The ice beast is heavily wounded.
The ice beast hits you. The ice beast freezes you!
* * * LOW HITPOINT WARNING * * *
You hit the ice beast.
The ice beast is severely wounded.
The ice beast hits you.
* * * LOW HITPOINT WARNING * * *
The ice beast freezes you!
* * * LOW HITPOINT WARNING * * *
You hit the ice beast.
The ice beast is severely wounded.
The ice beast hits you.
* * * LOW HITPOINT WARNING * * *
The ice beast freezes you!
You die...

.....#.......# #.#
#.#..#.......# #.###
..#..#.......# #...#
.##..#.......# ###.#
.##..#.......# ###.#
.....#.......# #...#
....#####.######.#.#
.............##...##
.#..####..####.#@##
....####...##.#Y##
......##..##.#.##
##.<#.##.##.#.##
##..#...##.#.##
.......##.#.## ##
####.###.#.## ##.##
#.##.#.## #.#.##
###.#.## #.#.#.##


You could see an ice beast.

Vanquished Creatures
  A scorpion (D:5)
  An iguana (D:5)
  2 adders (D:5)
  A white imp (D:5)
  A dart slug (D:5)
  An orc (D:5)
  7 bats (D:5)
14 creatures vanquished.

Notes
Turn   | Place    | Note
-------+----------+-------------------------------------------
     0 | D:5      | Reached skill level 9 in Stealth
     0 | D:5      | leafyfresh the Gnoll Delver began the quest for the Orb.
     0 | D:5      | Reached XP level 1. HP: 23/23 MP: 1/1
    19 | D:5      | Reached XP level 2. HP: 29/29 MP: 2/2
   121 | D:5      | Noticed an ice beast
   298 | D:5      | Reached XP level 3. HP: 5/35 MP: 2/4
   436 | D:5      | Found a sacrificial altar of Ru.
   513 | D:5      | Reached skill level 1 in Invocations
   681 | D:5      | Reached skill level 1 in Long Blades
   681 | D:5      | Reached skill level 1 in Axes
   681 | D:5      | Reached skill level 1 in Maces & Flails
   681 | D:5      | Reached skill level 1 in Polearms
   681 | D:5      | Reached skill level 1 in Staves
   681 | D:5      | Reached skill level 1 in Ranged Weapons
   681 | D:5      | Reached skill level 1 in Throwing
   681 | D:5      | Reached skill level 1 in Armour
   681 | D:5      | Reached skill level 1 in Shields
   681 | D:5      | Reached skill level 1 in Unarmed Combat
   681 | D:5      | Reached skill level 1 in Spellcasting
   681 | D:5      | Reached skill level 1 in Evocations
   681 | D:5      | Reached skill level 1 in Shapeshifting
   681 | D:5      | Reached XP level 4. HP: 4/41 MP: 5/5
   838 | D:5      | Noticed a scorpion
   841 | D:5      | Killed a scorpion
   842 | D:5      | Reached skill level 1 in Conjurations
   842 | D:5      | Reached skill level 1 in Hexes
   842 | D:5      | Reached skill level 1 in Summonings
   842 | D:5      | Reached skill level 1 in Necromancy
   842 | D:5      | Reached skill level 1 in Translocations
   842 | D:5      | Reached skill level 1 in Fire Magic
   842 | D:5      | Reached skill level 1 in Ice Magic
   842 | D:5      | Reached skill level 1 in Air Magic
   842 | D:5      | Reached skill level 1 in Earth Magic
   842 | D:5      | Reached skill level 1 in Alchemy
   842 | D:5      | Reached XP level 5. HP: 47/47 MP: 5/7
   995 | D:5      | HP: 1/47 [ice beast (8)]
   996 | D:5      | Mangled by an ice beast

Illustrated notes

Levels and vault maps discovered:
D:5:      minmay_inner_zag, layout_loops_cross, nicolae_ru_path_of_blood,
          kennysheep_cluttered_room, eino_tiny_chamber, roderic_batcave

Skill      XL: |  1  2  3  4 |
---------------+-------------+-----
Stealth        | |  9.7
Invocations    | 1 |  1.6
Long Blades    | 1 |  1.4
Axes           | 1 |  1.4
Maces & Flails | 1 |  1.4
Polearms       | 1 |  1.4
Staves         | 1 |  1.4
Ranged Weapons | 1 |  1.4
Throwing       | 1 |  1.4
Armour         | 1 |  1.4
Shields        | 1 |  1.4
Unarmed Combat | 1 |  1.4
Spellcasting   | 1 |  1.4
Evocations     | 1 |  1.4
Shapeshifting  | 1 |  1.3
Conjurations   | 1 |  1.1
Hexes          | 1 |  1.1
Summonings     | 1 |  1.1
Necromancy     | 1 |  1.1
Translocations | 1 |  1.1
Fire Magic     | 1 |  1.1
Ice Magic      | 1 |  1.1
Air Magic      | 1 |  1.1
Earth Magic    | 1 |  1.1
Alchemy        | 1 |  1.1
Fighting       | |  6.7
Short Blades   | |  4.7
Dodging        | |  4.7

Action                     |  1- 3 |  4- 6 || total
---------------------------+-------+-------++-------
  Melee: Short sword       |    79 |    21 ||   100
         Bite              |    11 |     1 ||    12
    Use: Scroll            |     1 |       ||     1
   Stab: Sleeping          |     5 |     1 ||     6
 Armour: Leather armour    |    44 |     9 ||    53
  Dodge: Dodged            |    75 |     7 ||    82
